 Dungeon Crawl Stone Soup version 0.28-a0-46-g7b1be97da7 (webtiles) character file.

Game seed: 10137002768320327607

616 robertstho the Ruffian (level 7, 0/102 HPs)
             Began as a Troll Berserker on July 29, 2021.
             Was a Priest of Trog.
             Slain by a river rat (5 damage)
             ... summoned by Eustachio
             ... on level 5 of the Dungeon.
             The game lasted 00:05:28 (3428 turns).

robertstho the Ruffian (Troll Berserker)            Turns: 3428, Time: 00:05:29

Health: 0/102      AC:  4    Str: 33    XL:     7   Next: 21%
Magic:  6/6        EV: 10    Int:  4    God:    Trog [***...]
Gold:   173        SH:  0    Dex: 11    Spells: 6/6 levels left

rFire   . . .      SeeInvis .   b - +5 morningstar of Drought {flame, Dex+2}
rCold   . . .      Faith    .   (no shield)
rNeg    . . .      Spirit   .   a - +0 animal skin
rPois   .          Reflect  .   (helmet restricted)
rElec   .          Harm     .   (no cloak)
rCorr   .          Rampage  .   (gloves unavailable)
Will    .....                   (boots unavailable)
Stlth   ..........              (no amulet)
HPRegen 1.27/turn               j - +6 ring of strength
MPRegen 0.10/turn               (no ring)

@: berserking, very quick
A: large, unfitting armour, claws 3, regeneration 1, shaggy fur 1, tough skin 1
a: Renounce Religion, Berserk, Trog's Hand


You were on level 5 of the Dungeon.
You worshipped Trog.
Trog was most pleased with you.
You visited 1 branch of the dungeon, and saw 5 of its levels.

You collected 173 gold pieces.

Inventory:

Hand Weapons
 b - the +5 morningstar of Drought (weapon) {flame, Dex+2}
   (You found it on level 4 of the Dungeon)

   It burns those it strikes, dealing additional fire damage.
   Dex:       It affects your dexterity (+2).
Armour
 a - a +0 animal skin (worn)
Jewellery
 h - an amulet of magic regeneration
 j - a +6 ring of strength (left claw)
Scrolls
 d - a scroll of amnesia
 f - a scroll of blinking {unknown}
Potions
 c - a potion of resistance {unknown}
 e - 2 potions of haste {unknown}
 g - 2 potions of lignification {unknown}
 i - a potion of brilliance
 k - a potion of attraction
 l - a potion of mutation
 m - a potion of flight


   Skills:
 * Level 3.7 Fighting
 + Level 1.3 Maces & Flails
 * Level 2.3 Armour
 + Level 3.6 Dodging
 + Level 0.6 Stealth
 + Level 5.5 Unarmed Combat


You had 6 spell levels left.
You didn't know any spells.
Your spell library was empty.

Dungeon Overview and Level Annotations

Branches:
Dungeon (5/15)
 Temple: D:4-7

Altars:
Dithmenos
Fedhas
Hepliaklqana
Makhleb
Sif Muna
Xom
Yredelemnul
The Shining One

Shops:
D:3 =([::

Annotations:
D:4 2 transporters, Menkaure; ew1980's ghost, amateur TeWz
D:5 Eustachio


Innate Abilities, Weirdness & Mutations

You are too large for most types of armour.
You have claws for hands.
Your natural rate of healing is unusually fast.
You are covered in fur. (AC +1)
You have tough skin. (AC +1)


Message History

Eustachio hits you with a +1 rapier of electrocution!
The river rat bites you!
Eustachio mumbles some strange words.
The quokka bites you.
You barely miss Eustachio. Your claw misses Eustachio.
Eustachio is severely wounded.
The river rat bites you but does no damage.
Eustachio hits you with a +1 rapier of electrocution.
The quokka bites you but does no damage.
The crimson imp blinks!
A red film seems to cover your vision as you go berserk!
You feel yourself moving faster!
You feel mighty! The river rat closely misses you.
The quokka barely misses you.
Eustachio hits you with a +1 rapier of electrocution!
You closely miss Eustachio.
Eustachio is severely wounded.
The quokka bites you. The river rat bites you.
Eustachio hits you with a +1 rapier of electrocution.
* * * LOW HITPOINT WARNING * * *
The quokka bites you but does no damage.
You barely miss Eustachio.
Eustachio is severely wounded.
The river rat bites you.
* * * LOW HITPOINT WARNING * * *
Eustachio hits you with a +1 rapier of electrocution.
* * * LOW HITPOINT WARNING * * *
The crimson imp hits you but does no damage.
The quokka barely misses you.
You closely miss Eustachio.
Eustachio is severely wounded.
The river rat barely misses you.
Eustachio hits you with a +1 rapier of electrocution!
* * * LOW HITPOINT WARNING * * *
You are electrocuted!
* * * LOW HITPOINT WARNING * * *
The crimson imp blinks!
The quokka closely misses you.
You hit Eustachio. You burn Eustachio.
Eustachio is almost dead.
The river rat bites you.
You die...

# # #. .#
#.+#### ##+.#
#.....# ....#
#.#.#.# #.#.###
#..ยง#r###.#...#
#.@@b5......##.
###r###........
#5# #..#.###.
##.###..#.#
#.........#
#..###..#.# #..#
#....#
#..###....#
#........##


You could see Eustachio, an iron imp (summoned), a river rat (summoned), an
ufetubus (summoned), a quokka (summoned) and a bat (summoned).

Vanquished Creatures
  A necrophage (D:4)
  Blork the orc (D:4)
  4 orc priests (D:4)
  A gnoll shaman (D:4)
  An iguana (D:5)
  An orc wizard (D:4)
  A hound skeleton (D:4)
  Robin (D:3)
  A howler monkey skeleton (D:4)
  4 gnolls (D:4)
  8 adders
  An adder skeleton (D:4)
  3 worms
  2 dart slugs
  7 orcs (D:4)
  6 endoplasms
  2 giant cockroaches (D:4)
  13 goblins
  11 hobgoblins
  6 jackals
  4 quokkas
  8 ball pythons
  10 bats
  10 frilled lizards
  2 kobolds
  5 rats
  A spectral orc (D:3)
115 creatures vanquished.

Vanquished Creatures (others)
  3 fungi (D:5)
  10 plants (D:2)
13 creatures vanquished.

Grand Total: 128 creatures vanquished

Notes
Turn   | Place    | Note
-------+----------+-------------------------------------------
     0 | D:1      | robertstho the Troll Berserker began the quest for the Orb.
     0 | D:1      | Reached XP level 1. HP: 22/22 MP: 0/0
   201 | D:1      | Reached XP level 2. HP: 29/29 MP: 1/1
   625 | D:2      | Reached XP level 3. HP: 30/36 MP: 2/2
   690 | D:2      | Reached ** piety under Trog
  1178 | D:2      | Found a faded altar of an unknown god.
  1495 | D:3      | Found Bevampask's Jewellery Shop.
  1501 | D:3      | Reached XP level 4. HP: 33/45 MP: 3/3
  1542 | D:3      | Reached skill level 1 in Armour
  1566 | D:3      | Found Ukidick's Armour Shop.
  1576 | D:3      | Found Ruunoy's Weapon Shop.
  1587 | D:3      | Noticed Robin
  1607 | D:3      | Reached skill level 4 in Unarmed Combat
  1611 | D:3      | Killed Robin
  1808 | D:3      | Found Ulollolei's Book Shop.
  1860 | D:3      | Reached *** piety under Trog
  2025 | D:3      | Found Jausairph's Book Shoppe.
  2121 | D:3      | Found a shimmering blue altar of Sif Muna.
  2165 | D:3      | Found a basalt altar of Yredelemnul.
  2576 | D:4      | Reached XP level 5. HP: 53/53 MP: 4/4
  2648 | D:4      | Noticed Blork the orc
  2673 | D:4      | Killed Blork the orc
  2674 | D:4      | Reached XP level 6. HP: 19/61 MP: 5/5
  2740 | D:4      | Reached skill level 5 in Unarmed Combat
  2804 | D:4      | Identified the +5 morningstar of Drought {flame, Dex+2}
  2882 | D:4      | Found a glowing golden altar of the Shining One.
  3035 | D:4      | Noticed ew1980's ghost (amateur TeWz)
  3037 | D:4      | Found a transporter.
  3040 | D:4      | Found a transporter.
  3071 | D:4      | Found a burning altar of Makhleb.
  3082 | D:4      | Reached XP level 7. HP: 55/67 MP: 6/6
  3203 | D:4      | Found a blossoming altar of Fedhas.
  3208 | D:4      | Noticed Menkaure
  3329 | D:4      | Found a hazy altar of Hepliaklqana.
  3330 | D:4      | Found a shadowy altar of Dithmenos.
  3333 | D:4      | Found a shimmering altar of Xom.
  3370 | D:5      | Entered Level 5 of the Dungeon
  3381 | D:5      | Reached skill level 1 in Maces & Flails
  3409 | D:5      | Noticed Eustachio
  3427 | D:5      | HP: 4/102 [Eustachio (9)]
  3428 | D:5      | Slain by a river rat

Illustrated notes

Levels and vault maps discovered:
D:1:      dpeg_arrival_short_road, layout_loops_ring
D:2:      layout_loops_corners, dreamdust_ecumenical_altar_angels_and_demons,
          minmay_lizard_king
D:3:      layout_basic, yredelemnul_forgotten_temple_becter,
          mainiacjoe_overflow_small_starburst, serial_shops, shop, shop, shop,
          nicolae_diamond_shop, nicolae_shop_trees, uniq_robin
D:4:      layout_rooms, nicolae_overflow_hidden_temple,
          makhleb_blood_cavern_becter, minitemple, gammafunk_ghost_arena,
          kennysheep_minor_cross, minmay_pentomino_pile, uniq_blork_the_orc,
          uniq_menkaure
D:5:      minmay_chambers_of_threes, layout_loops_ring,
          nicolae_ru_great_annihilating_truth, serial_aquarium,
          aquarium_bridge_straight [aquarium_subvault_bridge,
          aquarium_subvault_window, aquarium_subvault_bridge,
          aquarium_subvault_balcony], aquarium_window_corner, aquarium_window_2,
          aquarium_view_2e, aquarium_pool_2, uniq_eustachio

Skill      XL: |  1  2  3  4  5  6  7 |
---------------+----------------------+-----
Fighting       | 3 |  3.7
Armour         | 1 2 |  2.3
Unarmed Combat | 4 5 |  5.5
Dodging        | 3 |  3.6
Maces & Flails | 1 |  1.3
Stealth        | |  0.6

Action                   |  1- 3 |  4- 6 |  7- 9 || total
-------------------------+-------+-------+-------++-------
Melee: Unarmed           |   115 |   133 |       ||   248
       Morningstar       |       |    51 |    23 ||    74
       Punch             |       |     3 |       ||     3
Invok: Berserk           |       |     5 |     1 ||     6
       Trog's Hand       |       |     2 |       ||     2
  Use: Scroll            |       |     8 |       ||     8
       Potion            |       |     2 |       ||     2
 Stab: Sleeping          |     1 |       |       ||     1
Armor: Animal skin       |    24 |   101 |     7 ||   132
Dodge: Dodged            |    58 |   107 |    14 ||   179

Table legend: (Time is in decaauts)
 A = Elapsed time spent in this place.
 B = Non-inter-level travel time spent in this place.
 C = Inter-level travel time spent in this place.
 D = Time resting spent in this place.
 E = Time spent auto-exploring this place.
 F = Levels seen in this place.
 G = Mean time per level.
                   A        B        C        D        E       F      G
               +--------+--------+--------+--------+--------+-----+--------+
         Total |   3482 |   3378 |    104 |     56 |   2641 |   5 |  696.4 |
       Dungeon |   3482 |   3378 |    104 |     56 |   2641 |   5 |  696.4 |
               +--------+--------+--------+--------+--------+-----+--------+

Top non-repeatable levels by time:
     D:3: 1097 daAuts
     D:2: 909 daAuts
     D:4: 852 daAuts
     D:1: 561 daAuts
     D:5: 61 daAuts
